 Dungeon Crawl Stone Soup version 0.22-a0-407-gb098539 (webtiles) character file.

231 inmateoo the Digger (level 6, -2/39 HPs)
             Began as an Octopode Earth Elementalist on May 9, 2018.
             Killed by divine providence
             ... invoked by an orc priest
              (11 damage)
             ... on level 3 of the Dungeon.
             The game lasted 00:03:30 (3071 turns).

inmateoo the Digger (Octopode Earth Elementalist)   Turns: 3071, Time: 00:03:31

Health: -2/39      AC:  1    Str:  7    XL:     6   Next: 4%
Magic:  0/10       EV: 14    Int: 19    God:
Gold:   111        SH:  0    Dex: 13    Spells: 4/10 levels left

rFire    . . .     SeeInvis .   q - +0 trident
rCold    . . .     Gourm    .   (no shield)
rNeg     . . .     Faith    .   (helmet restricted)
rPois    .         Spirit   .   (no amulet)
rElec    .         Reflect  .   (no ring)
rCorr    .         Harm     .   (no ring)
MR       .....                  (no ring)
Stlth    ++++......             (no ring)
HPRegen  0.13/turn              (no ring)
MPRegen  0.12/turn              (no ring)
                                (no ring)
                                (no ring)

@: no status effects
A: almost no armour, stealthy swim, amphibious, 8 rings, constrict 8, camouflage
1, gelatinous body 1
a: no special abilities


You were on level 3 of the Dungeon.
You were not hungry.

You visited 1 branch of the dungeon, and saw 4 of its levels.

You collected 111 gold pieces.

Inventory:

Hand Weapons
 d - a +0 spear
 q - a +0 trident (weapon)
Missiles
 b - 71 stones (quivered)
Armour
 k - a +0 large shield
Scrolls
 a - 2 scrolls of remove curse {unknown}
 g - 4 scrolls of identify {unknown}
 h - 2 scrolls of fear {unknown}
 i - a scroll of enchant weapon {unknown}
 m - a scroll of blinking {unknown}
 o - a scroll of teleportation {unknown}
Potions
 e - a potion of invisibility {unknown}
 f - 3 potions of curing
 j - 2 potions of agility {unknown}
 l - a potion of lignification {unknown}
 p - a potion of resistance {unknown}
Comestibles
 c - 9 rations
 n - a chunk of flesh


   Skills:
 + Level 2.0 Fighting
 + Level 3.0 Dodging
 + Level 4.2 Stealth
 * Level 0.0 Unarmed Combat
 + Level 2.9 Spellcasting
 - Level 1.0 Transmutations
 * Level 4.4 Earth Magic


You had 4 spell levels left.
You knew the following spells:

 Your Spells              Type           Power        Failure   Level  Hunger
a - Sandblast             Erth           ###...       2%          1    None
b - Passwall              Tmut/Erth      ##........   8%          2    ##.....
c - Stone Arrow           Conj/Erth      ##....       19%         3    ###....


Dungeon Overview and Level Annotations

Branches:
Dungeon (4/15)
 Temple: D:4-7

Altars:
Xom

Annotations:
D:3 azzavlup's ghost, amateur DrSk


Innate Abilities, Weirdness & Mutations

You cannot wear most types of armour.
You are very stealthy in the water. (Stealth+)
You are amphibious.
You can wear up to eight rings at the same time.
You can use your tentacles to constrict eight enemies at once.
Your skin changes colour to match your surroundings (Stealth+).
Your rubbery body absorbs attacks. (AC +1, EV +1)


Message History

The quokka closely misses you.
Casting: Sandblast (safe; 2% risk of failure)
Confirm with . or Enter, or press ? or * to list all spells.
Aiming: Sandblast (safe; 2% risk of failure)
Press: ? - help, Shift-Dir - straight line, f/p - orc priest
Aim: an orc priest, wielding a club and wearing a chain mail The blast of sand hits the orc priest.
b - 72 stones The orc priest barely misses you.
The quokka misses you.
Okay, then.
Casting: Sandblast (safe; 2% risk of failure)
Confirm with . or Enter, or press ? or * to list all spells.
Aiming: Sandblast (safe; 2% risk of failure)
Press: ? - help, Shift-Dir - straight line, f/p - orc priest
Aim: an orc priest, wielding a club and wearing a chain mail The blast of sand hits the orc priest.
b - 71 stones The orc priest mumbles some strange prayers to Beogh against you.
Beogh smites you!
You die...

###.##.##...⌠.#########.####
#.##.##..#...............#
#.##.##....## ######.##.#
#.##)<#.#### #.##.#
#.###.#.# #.##.## #.###.#.#
#####.#.... #.#.....#
#.†......##
#.#.#.#.#########.###.#..#
#........r@....# ##.#..#
###.#.#.###o##.# #.....#
#.....# .# # #..#.###
###.### .##.##.##....... #.#
.##..........### #.# .#
######.#### #.# .#
###.#.##### #.#
).......###..... #.#
#######.#.#####


You could see an orc priest and a quokka.

Vanquished Creatures
  7 adders
  An ooze (D:1)
  3 worms
  3 leopard geckos (D:1)
  An orc (D:3)
  8 bats
  4 giant cockroaches
  3 goblins (D:1)
  8 hobgoblins
  4 jackals
  8 kobolds
  2 ball pythons
  8 frilled lizards
  A rat (D:2)
61 creatures vanquished.

Vanquished Creatures (others)
  5 dream sheep (D:3)
5 creatures vanquished.

Grand Total: 66 creatures vanquished

Notes
Turn   | Place    | Note
-------+----------+-------------------------------------------
     0 | D:1      | inmateoo the Octopode Earth Elementalist began the quest for the Orb.
     0 | D:1      | Reached XP level 1. HP: 11/11 MP: 3/3
    85 | D:1      | Reached XP level 2. HP: 12/18 MP: 3/5
   305 | D:1      | Learned a level 2 spell: Passwall
  1153 | D:2      | Reached XP level 3. HP: 14/22 MP: 6/6
  1554 | D:2      | Found a faded altar of an unknown god.
  1635 | D:2      | Reached skill level 1 in Fighting
  1640 | D:2      | Learned a level 3 spell: Stone Arrow
  1737 | D:2      | Reached XP level 4. HP: 10/28 MP: 3/7
  2311 | D:3      | Noticed azzavlup's ghost (amateur DrSk)
  2607 | D:3      | Noticed a dream sheep
  2607 | D:3      | Noticed a dream sheep
  2607 | D:3      | Noticed a dream sheep
  2607 | D:3      | Noticed a dream sheep
  2607 | D:3      | Noticed a dream sheep
  2607 | D:3      | Found a shimmering altar of Xom.
  2611 | D:3      | Killed a dream sheep
  2611 | D:3      | Reached XP level 5. HP: 29/34 MP: 6/9
  2613 | D:3      | Killed a dream sheep
  2614 | D:3      | Killed a dream sheep
  2614 | D:3      | Killed a dream sheep
  2614 | D:3      | Killed a dream sheep
  2843 | D:3      | Reached XP level 6. HP: 26/39 MP: 10/10
  3066 | D:3      | HP: 1/39 [orc priest/nerve-wracking pain (6)]
  3071 | D:3      | Killed from afar by an orc priest

Vault maps used:
D:1:      noname_arrival_rooms_in_the_neighbourhood
D:2:      minmay_diamond_boxcup, first_ration, chequers_ecumenical_altar_simple
D:3:      hangedman_feature_mirror, kb_xom_exploding_sheep
D:4:      minmay_strange_pillars, uniq_crazy_yiuf_cottage

Skill      XL: |  1  2  3  4  5  6 |
---------------+-------------------+-----
Stealth        | 3 4 |  4.2
Fighting       | 1 2 |  2.0
Earth Magic    | 4 |  4.4
Dodging        | 3 |  3.0
Spellcasting   | |  2.9
Transmutations | |  1.0

Action                   |  1- 3 |  4- 6 || total
-------------------------+-------+-------++-------
Melee: Unarmed           |    24 |       ||    24
       Tentacles         |    10 |    15 ||    25
       Spear             |    64 |    66 ||   130
       Constrict         |    18 |    20 ||    38
       Trident           |       |    20 ||    20
 Cast: Sandblast         |     8 |    13 ||    21
       Stone Arrow       |       |     2 ||     2
  Use: Potion            |       |     2 ||     2
 Stab: Sleeping          |     7 |    16 ||    23
       Distracted        |       |     1 ||     1
  Eat: Chunk             |     2 |     5 ||     7
Armor: Skin              |     9 |     4 ||    13
Dodge: Dodged            |    60 |    71 ||   131

Table legend:
 A = Spawn XP
 B = Non-spawn XP
 C = Spawn XP percentage of total XP
 D = Spawn monster count
 E = Non-spawn monster count
 F = Spawn count percentage of total count
 G = Total turns spent on level
                    A         B        C        D         E        F      G
               +---------+---------+-------+---------+---------+-------+---------
         Total |       0 |     331 |   0.0 |       0 |      62 |   0.0 |  3071
               +---------+---------+-------+---------+---------+-------+---------
           D:1 |       0 |      35 |   0.0 |       0 |      15 |   0.0 |  1428
           D:2 |       0 |      69 |   0.0 |       0 |      19 |   0.0 |  1013
           D:3 |       0 |     227 |   0.0 |       0 |      28 |   0.0 |   603
               +---------+---------+-------+---------+---------+-------+---------
